AoeStats
← FellRabbit9

Arena

510680992Analyzed
2v2 RM · 20h ago on Oct 2, 2026· 59m 50s· 4 players
Game mode
Random Map
Map size
Medium (4 player)
Population
200
Speed
Normal
Resources
Standard
Victory
Conquest
Starting age
Dark Age
Ending age
Imperial Age
RankedLock teamsTeams togetherTeam positionsShared explorationLock speedFull tech treeHidden civsTurbo modeCheats
Victory
Defeat
🇭🇰 Malians · Hong Kong SAR China
1170
+18
🇺🇸 Spanish · United States
1169
+18
🇹🇼 Wei · Taiwan
1232
-20
🇹🇼 Varangians · Taiwan
1175
-16
HimGor3209
11:29 Feudal Age
16:38 Castle Age
17:46 Double-Bit Axe
18:41 Loom
19:57 Bow Saw
21:06 Gold Mining
23:17 Wheelbarrow
22:53 Stone Mining
25:27 Redemption
31:06 Imperial Age
28:54 Horse Collar
29:49 Ballistics
31:15 Hand Cart
30:45 Town Watch
31:53 Bloodlines
31:44 Husbandry
31:25 Elite Skirmisher
33:45 Hoardings
33:31 Conscription
34:37 Scale Barding Armor
34:43 Forging
34:24 Fletching
36:45 Chain Barding Armor
37:40 Chemistry
38:08 Pikeman
39:06 Heavy Plow
40:28 Plate Barding Armor
40:29 Iron Casting
40:13 Cavalier
42:01 Bodkin Arrow
42:08 Scale Mail Armor
42:48 Squires
45:46 Paladin
47:12 Caravan
48:15 Town Patrol
48:29 Fortified Wall
48:29 Masonry
47:52 Light Cavalry
50:06 Chain Mail Armor
50:51 Blast Furnace
49:52 Bracer
49:52 Padded Archer Armor
49:20 Halberdier
49:28 Man-at-Arms
49:54 Gambesons
50:14 Long Swordsman
52:14 Architecture
53:21 Two-Man Saw
52:50 Two-Handed Swordsman
55:18 Champion
58:49 Blast Furnace
59:03 Plate Mail Armor
58:36 Bracer
FellRabbit9
10:59 Feudal Age
14:55 Castle Age
13:58 Horse Collar
14:05 Double-Bit Axe
15:59 Bow Saw
17:37 Loom
20:39 Wheelbarrow
20:53 Stone Mining
23:35 Hand Cart
23:44 Town Watch
28:40 Imperial Age
27:29 Town Patrol
27:36 Scale Barding Armor
27:41 Forging
28:04 Husbandry
28:26 Heavy Plow
28:17 Gold Mining
28:45 Bloodlines
28:44 Heavy Camel Rider
30:11 Chain Barding Armor
30:26 Iron Casting
30:37 Conscription
31:42 Gold Shaft Mining
31:45 Iron Casting
31:01 Fletching
31:52 Conscription
32:20 Plate Barding Armor
32:23 Caravan
32:21 Pikeman
33:37 Bodkin Arrow
33:57 Scale Mail Armor
34:06 Squires
34:55 Chain Mail Armor
35:47 Chemistry
35:07 Ballistics
35:40 Farimba
36:45 Plate Mail Armor
37:06 Cavalier
37:28 Elite Gbeto
38:10 Padded Archer Armor
39:31 Arson
48:11 Leather Archer Armor
50:33 Ring Archer Armor
50:50 Fortified Wall
50:35 Murder Holes
50:50 Masonry
55:50 Architecture
565120579
3:14 Loom
10:33 Feudal Age
16:21 Castle Age
15:09 Double-Bit Axe
16:42 Fletching
16:37 Horse Collar
22:28 Gold Mining
22:57 Bow Saw
23:06 Heavy Plow
25:22 Wheelbarrow
24:34 Town Watch
30:55 Imperial Age
29:43 Scale Barding Armor
30:36 Gold Shaft Mining
30:22 Bloodlines
30:13 Husbandry
31:25 Chain Barding Armor
31:16 Forging
30:58 Stone Mining
30:59 Heavy Hei Guang Cavalry
32:19 Hand Cart
32:25 Hand Cart
36:27 Crop Rotation
37:18 Chemistry
37:38 Iron Casting
37:47 Town Patrol
37:28 Pikeman
39:07 Conscription
38:57 Scale Mail Armor
39:50 Tuntian
39:52 Halberdier
41:50 Ming Guang Armor
43:31 Masonry
49:42 Chain Mail Armor
50:01 Light Cavalry
54:18 Hoardings
56:05 Hussar
NIDAYE
9:51 Feudal Age
9:45 Loom
14:39 Castle Age
14:24 Double-Bit Axe
14:22 Horse Collar
22:54 Heavy Plow
24:37 Bow Saw
26:05 Town Watch
27:01 Wheelbarrow
30:01 Forging
29:52 Scale Mail Armor
30:26 Squires
31:23 Iron Casting
30:54 Scale Barding Armor
34:02 Imperial Age
31:48 Hand Cart
31:34 Town Patrol
32:09 Husbandry
32:20 Bloodlines
33:25 Chain Mail Armor
34:43 Fortified Wall
34:54 Ballistics
34:44 Masonry
34:57 Ballistics
35:04 Gambesons
36:57 Two-Man Saw
35:46 Elite Varangian Guard
36:21 Arson
37:56 Blast Furnace
37:26 Plate Mail Armor
37:17 Chain Barding Armor
37:17 Gold Mining
39:48 Cavalier
45:40 Elite Skirmisher
47:07 Fletching
47:17 Padded Archer Armor
47:00 Elite Skirmisher
48:00 Bodkin Arrow
50:57 Elite Skirmisher
52:16 Bracer
52:32 Leather Archer Armor
56:57 Caravan
Connection lost

Rejoining the realm…

Still unreachable

The connection could not be restored.

Session expired

The server has moved on; the page needs a fresh start.